 Dungeon Crawl Stone Soup version 0.17-a0-1046-ga09e34d (webtiles) character file.

1939 RobertPalmer the Carver (level 9, -6/82 HPs)
             Began as a Naga Chaos Knight on May 15, 2015.
             Killed by divine providence
             ... invoked by an orc priest
              (9 damage)
             ... on level 7 of the Dungeon.
             The game lasted 00:15:22 (7228 turns).

RobertPalmer the Carver (Naga Chaos Knight)         Turns: 7228, Time: 00:15:22

Health: -6/82      AC: 11    Str: 15      XL:     9   Next: 18%
Magic:  9/9        EV:  9    Int: 11 (15) God:    Xom [..*...]
Gold:   249        SH:  0    Dex: 17      Spells: 0 memorised, 8 levels left

rFire  . . .     SeeInvis +     a - +1 falchion (chaos)
rCold  + + .     Clarity  +     b - +2 leather armour
rNeg   . . .     SustAb   .     (no shield)
rPois  +         Gourm    .     u - +0 helmet {SInv}
rElec  .         Spirit   .     d - +1 cloak
rCorr  .         Warding  .     (no gloves)
rMut   .         Stasis   .     (no barding)
MR     ++...                    (no amulet)
Stlth  ++........               t - ring of protection from cold {rC+, !d}
                                m - ring of protection from cold {rC+, !d}

@: very slow, very resistant to hostile enchantments, unstealthy
A: slimy green scales 1, thin skeletal structure 1, see invisible, agile 2,
clarity, deformed body, magic resistance 1, sense surroundings 1, poison
resistance, robust 1, slowness 2, slow metabolism 1, spit poison 2, AC +3
a: Spit Poison, Renounce Religion


You were on level 7 of the Dungeon.
You worshipped Xom.
You were a toy of Xom.
You were not hungry.

You visited 1 branch of the dungeon, and saw 8 of its levels.

You collected 307 gold pieces.
You spent 58 gold pieces at shops.

Inventory:

Hand weapons
 a - a +1 falchion of chaos (weapon)
Missiles
 f - 2 throwing nets {=f, !d}
 l - 19 poisoned needles
 n - 3 curare-tipped needles
Armour
 b - a +2 leather armour (worn)
 d - a +1 cloak (worn)
   (You found it on level 4 of the Dungeon)
 u - a +0 helmet of see invisible (worn)
   (You found it on level 3 of the Dungeon)
Jewellery
 m - a ring of protection from cold (left hand) {rC+, !d}
   (You found it on level 2 of the Dungeon)
 t - a ring of protection from cold (right hand) {rC+, !d}
   (You found it on level 3 of the Dungeon)
Magical devices
 q - a wand of confusion (34)
   (You took it off Robin on level 2 of the Dungeon)
Scrolls
 e - 5 scrolls of identify
 j - 2 scrolls of remove curse
Potions
 g - a potion of poison
 k - 2 potions of flight
 o - a potion of magic
 r - 2 potions of agility
 s - 3 potions of brilliance
Comestibles
 c - 3 bread rations {@e1}
 h - 3 meat rations {@e2}
 i - a chunk of flesh {@w0}


   Skills:
 - Level 3.0 Fighting
 + Level 11.8 Long Blades
 - Level 1.5 Armour
 - Level 0.7 Dodging


You had 8 spell levels left.
You didn't know any spells.

Dungeon Overview and Level Annotations

Branches:
Dungeon (8/15)             Temple (0/1) D:5
   Lair: D:8-11

Altars:
Ashenzari
Cheibriados
Elyvilon
Gozag
Xom

Shops:
D:5 *

Annotations:
D:3 RobertPalmer's ghost, average NaCK
D:8 Viceroy's ghost, average CeWr


Innate Abilities, Weirdness & Mutations

You cannot wear boots.
Your serpentine skin is tough (AC +3).
You have supernaturally acute eyesight.
Armour fits poorly on your strangely shaped body.
Your system is resistant to poisons.
You cover ground very slowly.
You have a slow metabolism.
You can spit poison.
You are partially covered in slimy green scales (AC +2).
You have a somewhat thin skeletal structure (Dex +2, Stealth).
You are very agile. (Dex +4)
You possess an exceptional clarity of mind.
You are resistant to hostile enchantments.
You passively map a small area around you.
You are robust (+10% HP).


Message History

You butcher the worker ant corpse.
i - a chunk of flesh {@w0}
There is a stone staircase leading up here.
You climb upwards.
A hound zombie comes into view.
There is a stone staircase leading down here.
Unknown command.
You closely miss the hound zombie. The hound zombie bites you.
You take 1 damage, and have 45/82 hp.
You hit the hound zombie.
The hound zombie suddenly stops moving!
The helpless hound zombie fails to defend itself.
You slash the hound zombie!
The helpless hound zombie fails to defend itself.
You hit the hound zombie.
The helpless hound zombie fails to defend itself.
You hit the hound zombie. You burn the hound zombie.
The hound zombie is no longer paralysed.
The hound zombie barely misses you.
You closely miss the hound zombie.
The hound zombie bites you but does no damage.
You slash the hound zombie!
You destroy the hound zombie!
Aim: an orc priest, wielding a flail and wearing a leather armour The splash of poison misses the orc priest.
You feel slightly more hungry.
The orc priest calls down the wrath of Beogh upon you.
Something smites you!
You take 9 damage, and have 37/82 hp.
The orc priest mumbles some strange prayers to Beogh against you.
You resist with almost no effort.
Wield which item (- for none, * to show all)? (? for menu, Esc to quit)
Okay, then.
You hit the orc priest. The orc priest closely misses you.
The orc priest calls down the wrath of Beogh upon you.
Something smites you!
* * * LOW HITPOINT WARNING * * *
You take 16 damage, and have 21/82 hp.
You hit the orc priest. The orc priest barely misses you.
Unknown command.
Drink which item? (? for menu, Esc to quit)
Okay, then.
You have got your breath back.
The orc priest misses you.
You see here a potion of curing.
p - a potion of curing The orc priest barely misses you.
Drink which item? (? for menu, Esc to quit)
You feel better.
You regained 7 hp, and now have 28/82 hp.
Firing (i - inventory): No suitable missiles.
Aim: an orc priest, wielding a flail and wearing a leather armour (moderately wounded)
Okay, then.
You slash the orc priest! The orc priest hits you with a flail.
* * * LOW HITPOINT WARNING * * *
The orc priest hits you but does no damage.
You take 5 damage, and have 23/82 hp.
Unknown command.
You hit the orc priest but do no damage.
The orc priest hits you but does no damage.
You hit the orc priest but do no damage.
You drain the orc priest! The orc priest hits you with a mace.
* * * LOW HITPOINT WARNING * * *
You take 5 damage, and have 18/82 hp.
Unknown command.
You hit the orc priest. You freeze the orc priest.
You kill the orc priest!
The orc barely misses you.
You hit the orc priest but do no damage.
The orc priest hits you with a mace.
* * * LOW HITPOINT WARNING * * *
You take 2 damage, and have 16/82 hp.
Unknown command.
You completely miss the orc priest. The orc hits you but does no damage.
You hit the orc priest but do no damage.
The orc priest hits you but does no damage.
The orc hits you but does no damage.
You barely miss the orc priest.
The orc priest calls down the wrath of Beogh upon you.
Something smites you!
* * * LOW HITPOINT WARNING * * *
You take 13 damage, and have 4/82 hp.
Unknown command.
You closely miss the orc priest. The orc hits you with a short sword.
* * * LOW HITPOINT WARNING * * *
You take 2 damage, and have 2/82 hp.
You barely miss the orc priest. The orc priest barely misses you.
The orc hits you but does no damage.
You hit the orc priest.
The orc priest looks braver.
You closely miss the orc priest. The orc barely misses you.
You hit the orc priest but do no damage.
The orc priest closely misses you. The orc hits you but does no damage.
You hit the orc priest but do no damage.
You hit the orc priest but do no damage.
The orc priest hits you but does no damage.
The orc hits you but does no damage.
You hit the orc priest.
The orc priest is poisoned.
The orc barely misses you.
The orc priest calls down the wrath of Beogh upon you.
Something smites you!
You die...

.....)......., , ,, , ,
....#..........., , *
....#........... ,
....#..........., , ...
..o.#...........,, ...
................##### ...#,
....#o..............# ....#
,
..###.##.......o....##....#
..#..o.#.......o@........#
..+....>........)..>.....##
,
..#........................
,
..#.......<................
..##.......................
..##........>..............
..##.......................
................#########..
* ................ , ,..


You could see an orc priest and an orc.

Vanquished Creatures
  Menkaure (D:5)
  2 orc warriors
  A naga (shapeshifter) (D:6)
  An ice beast (D:4)
  A phantom (D:6)
  A sky beast (D:5)
  4 ogres (D:5)
  Blork the orc (D:5)
  A scorpion (D:5)
  4 crimson imps
  An orc priest (D:7)
  3 hounds
  3 orc wizards
  Ijyb (D:2)
  Terence (D:2)
  A giant frog skeleton (D:6)
  2 worker ants
  2 iguanas
  3 hound zombies
  Robin (D:2)
  8 gnolls
  2 adders
  2 shadow imps
  3 worms
  5 giant geckos
  8 orcs
  10 bats
  5 giant cockroaches
  12 goblins
  20 hobgoblins
  15 jackals
  6 kobolds
  2 quokkas (D:3)
  3 ball pythons
  A ball python zombie (D:5)
  A giant gecko zombie (D:5)
  6 giant newts
  10 rats
154 creatures vanquished.

Vanquished Creatures (collateral kills)
  A shadow imp (D:6)
  An orc (D:6)
  A jackal (D:6)
  A quokka (D:5)
  A giant cockroach (D:6)
5 creatures vanquished.

Vanquished Creatures (others)
  An ufetubus (D:6)
1 creature vanquished.

Grand Total: 160 creatures vanquished

Notes
Turn   | Place    | Note
--------------------------------------------------------------
     0 | D:1      | RobertPalmer the Naga Chaos Knight began the quest for the Orb.
     0 | D:1      | Reached XP level 1. HP: 21/21 MP: 1/1
    86 | D:1      | Reached XP level 2. HP: 22/28 MP: 2/2
   182 | D:1      | XOM: potion effect (curing)
   545 | D:1      | Reached skill level 4 in Long Blades
   641 | D:1      | XOM: harmless Hex miscast
   761 | D:1      | Reached XP level 3. HP: 34/34 MP: 3/3
   956 | D:2      | XOM: silly message
  1047 | D:2      | XOM: mild Hex miscast
  1069 | D:2      | Noticed Terence
  1081 | D:2      | Killed Terence
  1081 | D:2      | Reached XP level 4. HP: 34/42 MP: 4/4
  1106 | D:2      | XOM: give mutations
  1106 | D:2      | Gained mutation: You are partially covered in slimy green scales (AC +2). [Xom's mischief]
  1106 | D:2      | Gained mutation: You are clumsy. (Dex -2) [Xom's mischief]
  1106 | D:2      | Lost mutation: You are clumsy. (Dex -2) [Xom's mischief]
  1138 | D:2      | Noticed Ijyb
  1147 | D:2      | XOM: 3-stop teleportation journey
  1172 | D:2      | Killed Ijyb
  1172 | D:2      | Reached skill level 5 in Long Blades
  1415 | D:2      | XOM: vitrification
  1425 | D:2      | XOM: give mutation
  1425 | D:2      | Gained mutation: You are resistant to hostile enchantments. [Xom's grace]
  1575 | D:2      | Noticed Robin
  1586 | D:2      | XOM: enchant monster (good)
  1647 | D:1      | XOM: god gift: 4 silver sling bullets
  1652 | D:1      | XOM: vitrification
  1831 | D:2      | Killed Robin
  1841 | D:2      | Reached XP level 5. HP: 44/49 MP: 5/5
  2092 | D:3      | Noticed RobertPalmer's ghost (average NaCK)
  2127 | D:3      | Reached skill level 6 in Long Blades
  2274 | D:3      | Found an opulent altar of Gozag.
  2277 | D:3      | XOM: vitrification
  2387 | D:3      | XOM: god gift: scroll labeled WAKORPH YNULOM
  2608 | D:3      | XOM: summons 1 hostile demon
  2747 | D:3      | Reached XP level 6. HP: 51/56 MP: 6/6
  2768 | D:3      | Found a shimmering altar of Xom.
  2835 | D:3      | XOM: swap monsters
  2840 | D:3      | XOM: give mutations
  2840 | D:3      | Gained mutation: You possess an exceptional clarity of mind. [Xom's grace]
  2840 | D:3      | Gained mutation: You are agile. (Dex +2) [Xom's grace]
  2840 | D:3      | Gained mutation: You are very agile. (Dex +4) [Xom's grace]
  2840 | D:3      | HP: 14/56 [RobertPalmer's ghost (7)]
  2848 | D:3      | HP: 14/56 [RobertPalmer's ghost (2)]
  3013 | D:4      | XOM: mild Air miscast
  3144 | D:4      | Found a snail-covered altar of Cheibriados.
  3231 | D:4      | XOM: give mutations
  3231 | D:4      | Gained mutation: You are robust (+10% HP). [Xom's grace]
  3231 | D:4      | Gained mutation: You have a somewhat thin skeletal structure (Dex +2, Stealth). [Xom's grace]
  3231 | D:4      | Gained mutation: You passively map a small area around you. [Xom's grace]
  3338 | D:4      | XOM: vitrification
  3473 | D:4      | Reached skill level 7 in Long Blades
  3509 | D:4      | XOM: divination: detect creatures
  3763 | D:4      | HP: 9/61 [gnoll/halberd (10)]
  3768 | D:4      | HP: 6/61 [hound (4)]
  3824 | D:4      | XOM: mild Conj miscast
  4160 | D:4      | Reached XP level 7. HP: 54/68 MP: 7/7
  4284 | D:4      | XOM: divination: detect creatures
  4307 | D:5      | Entered Level 5 of the Dungeon
  4389 | D:5      | Found Exuwin's Assorted Antiques.
  4403 | D:5      | Reached skill level 8 in Long Blades
  4406 | D:5      | Bought a scroll labeled RUIKHL WIUSA for 29 gold pieces
  4406 | D:5      | Bought a scroll labeled XALUUX TYEHIPP for 29 gold pieces
  4452 | D:5      | Noticed Menkaure
  4624 | D:5      | Killed Menkaure
  4840 | D:5      | Found a white marble altar of Elyvilon.
  4840 | D:5      | Found a shattered altar of Ashenzari.
  4860 | D:5      | Noticed Blork the orc
  4863 | D:5      | Reached skill level 9 in Long Blades
  4874 | D:5      | Killed Blork the orc
  4874 | D:5      | Reached XP level 8. HP: 48/75 MP: 8/8
  4954 | D:5      | XOM: polymorph gnoll -> orc
  5088 | D:5      | HP: 13/75 [ogre/giant spiked club (16)]
  5432 | D:5      | Found a staircase to the Ecumenical Temple.
  5506 | D:5      | XOM: colour smoke trail
  5543 | D:5      | XOM: cast spell 'Summon Butterflies'
  5754 | D:5      | XOM: harmless Hex miscast
  5820 | D:5      | XOM: cast spell 'Dispersal'
  5860 | D:5      | Reached skill level 10 in Long Blades
  6069 | D:5      | XOM: confuse monster(s)
  6167 | D:6      | XOM: potion effect (invisibility)
  6272 | D:6      | Reached skill level 11 in Long Blades
  6280 | D:6      | XOM: summons friendly ufetubus
  6281 | D:6      | XOM: confuse monster(s)
  6282 | D:6      | XOM: medium Fire miscast
  6312 | D:6      | XOM: summons 8 friendly demons
  6326 | D:6      | XOM: harmless Chrm miscast
  6327 | D:6      | Reached XP level 9. HP: 20/82 MP: 9/9
  6330 | D:6      | HP: 18/82 [orc wizard/magic dart (3)]
  6445 | D:5      | XOM: harmless Air miscast
  6695 | D:6      | XOM: summons friendly white imp
  6953 | D:7      | HP: 10/82 [orc warrior/long sword (11)]
  6955 | D:7      | XOM: silly message
  6963 | D:8      | XOM: divination: detect creatures
  7116 | D:8      | XOM: mild Trmt miscast
  7156 | D:8      | Noticed Viceroy's ghost (average CeWr)
  7174 | D:8      | XOM: divination: detect items
  7177 | D:8      | XOM: harmless Necr miscast
  7215 | D:7      | HP: 18/82 [orc priest/mace (5)]
  7220 | D:7      | HP: 4/82 [orc priest/divine providence (13)]
  7228 | D:7      | Killed from afar by an orc priest

Vault maps used:
D:1:      lightli_arrival_statue_moat
D:2:      first_bread, uniq_terence, uniq_iyjb, uniq_robin
D:3:      kennysheep_six_static_rooms,
          nicolae_gozag_cash_rules_everything_around_me,
          lemuel_coloured_pillars_altar, serial_forest,
          infiniplex_forest_lined_room_3, infiniplex_forest_clump_long,
          infiniplex_forest_lined_corner, infiniplex_forest_clump_cross,
          infiniplex_forest_straight_5, infiniplex_forest_clump_medium,
          infiniplex_forest_clump_double, infiniplex_forest_clump_long,
          infiniplex_forest_lined_corner
D:4:      lemuel_round_altar, minmay_curled_crystal, cheibrodos_gnoll_hut
D:5:      gammafunk_temple_overflow_wave, minmay_temple_entry_glass,
          serial_shops, nicolae_shop_overgrown_old_shop, uniq_menkaure,
          uniq_blork_the_orc
D:7:      kennysheep_steamy, kennysheep_decorative_pillar, st_stairs_13
D:8:      grunt_temple_overflow_growth_and_decay, david_lair_shrubbed,
          serial_shops, nicolae_shop_trees

Action                   |  1- 3 |  4- 6 |  7- 9 || total
-------------------------+-------+-------+-------++-------
Melee: Falchion          |    95 |   353 |   281 ||   729
 Abil: Spit Poison       |       |       |     8 ||     8
  Use: Potion            |     2 |     2 |    10 ||    14
       Scroll            |       |     1 |    12 ||    13
 Stab: Paralysed         |     2 |     4 |     5 ||    11
       Petrified         |     2 |       |     1 ||     3
       Petrifying        |       |       |     2 ||     2
       Confused          |       |       |     5 ||     5
       Invisible         |       |       |     3 ||     3
       Distracted        |       |       |     2 ||     2
       Sleeping          |       |       |     1 ||     1
  Eat: Chunk             |       |     6 |     7 ||    13
       Bread ration      |       |     1 |       ||     1

Vault maps used:
D:1:      lightli_arrival_statue_moat
D:2:      first_bread, uniq_terence, uniq_iyjb, uniq_robin
D:3:      kennysheep_six_static_rooms,
          nicolae_gozag_cash_rules_everything_around_me,
          lemuel_coloured_pillars_altar, serial_forest,
          infiniplex_forest_lined_room_3, infiniplex_forest_clump_long,
          infiniplex_forest_lined_corner, infiniplex_forest_clump_cross,
          infiniplex_forest_straight_5, infiniplex_forest_clump_medium,
          infiniplex_forest_clump_double, infiniplex_forest_clump_long,
          infiniplex_forest_lined_corner
D:4:      lemuel_round_altar, minmay_curled_crystal, cheibrodos_gnoll_hut
D:5:      gammafunk_temple_overflow_wave, minmay_temple_entry_glass,
          serial_shops, nicolae_shop_overgrown_old_shop, uniq_menkaure,
          uniq_blork_the_orc
D:7:      kennysheep_steamy, kennysheep_decorative_pillar, st_stairs_13
D:8:      grunt_temple_overflow_growth_and_decay, david_lair_shrubbed,
          serial_shops, nicolae_shop_trees

Table legend:
 A = Turns spent in this place as a percentage of turns spent in the entire game.
 B = Non-inter-level travel turns spent in this place as a percentage of non-inter-level travel turns spent in the entire game.
 C = Inter-level travel turns spent in this place as a percentage of turns spent in this place.
 D = Turns resting spent in this place as a percentage of non-inter-level travel turns spent in this place.
 E = Turns spent auto-exploring this place as a percentage of non-inter-level travel turns spent in this place.
 F = Non-inter-level travel turns spent in this place divided by the number of levels of this place that you've seen.
                   A       B       C       D       E      F
               +-------+-------+-------+-------+-------+----------------------
         Total | 100.0 | 100.0 |   0.5 |   2.2 |   8.3 | 276.8
       Dungeon | 100.0 | 100.0 |   0.5 |   2.2 |   8.3 | 276.8
               +-------+-------+-------+-------+-------+----------------------

Table legend:
 A = Kills in this place as a percentage of kills in entire the game.
 B = Kills by you in this place as a percentage of kills by you in the entire game.
 C = Kills by friends in this place as a percentage of kills by friends in the entire game.
 D = Other kills in this place as a percentage of other kills in the entire game.
 E = Experience gained in this place as a percentage of experience gained in the entire game.
 F = Experience gained in this place divided by the number of levels of this place that you have seen.
                   A       B       C       D       E      F
               +-------+-------+-------+-------+-------+----------------------
         Total | 100.0 | 100.0 | 100.0 |  -nan | 100.0 | 346.4
       Dungeon | 100.0 | 100.0 | 100.0 |  -nan | 100.0 | 346.4
               +-------+-------+-------+-------+-------+----------------------
